[Event "Titled Tuesday Blitz April 19 Late 2022"]
[White "Aigner, Michael"]
[Black "Nasuta, Grzegorz"]
[WhiteFideId "2017288"]
[BlackFideId "1141686"]
[WhiteElo "2417"]
[BlackElo "2396"]
[Result "0-1"]
[Round "03"]
[TimeControl "180+1"]
[Date "2022.04.19"]
[WhiteClock "0:00:18"]
[BlackClock "0:00:36"]

1. e4 c6 2. Nc3 d5 3. d4 dxe4 4. Nxe4 Bf5 5. Ng3 Bg6 6. h4 h6 7. Nf3 Nd7 8. h5 Bh7 9. Bd3 Bxd3 10. Qxd3 Ngf6 11. Bd2 e6 12. O-O-O Be7 13. Kb1 Qb6 14. Ne4 Rd8 15. Bc1 O-O 16. g4 Nxg4 17. Rhg1 f5 18. Nc3 Bf6 19. Qe2 Rfe8 20. Be3 Nf8 21. Ne5 Bxe5 22. dxe5 Nxe3 23. fxe3 Rxd1+ 24. Rxd1 Rd8 25. Rg1 Nh7 26. a3 Ng5 27. Rg2 Qc5 28. Qf2 Qxe5 29. Qe2 a5 30. Rg1 Kh7 31. Rd1 Rxd1+ 32. Qxd1 Qxe3 33. Qd7 Qe5 34. Qxb7 f4 35. Qxc6 f3 36. Qb6 Qe1+ 37. Ka2 f2 0-1


[Site "https://www.chess.com"]

[Event "Titled Tuesday Blitz April 19 Late 2022"]
[White "Alekseenko, Kirill"]
[Black "Leiva, Gianmarco"]
[WhiteFideId "4135539"]
[BlackFideId "3804399"]
[WhiteElo "2682"]
[BlackElo "2323"]
[Result "1-0"]
[Round "03"]
[TimeControl "180+1"]
[Date "2022.04.19"]
[WhiteClock "0:00:09"]
[BlackClock "0:00:04"]

1. e4 c5 2. Nf3 d6 3. d4 cxd4 4. Nxd4 Nf6 5. Nc3 a6 6. Be2 e5 7. Nb3 Be7 8. O-O O-O 9. Kh1 b5 10. a4 Bb7 11. Nd5 b4 12. Nxf6+ Bxf6 13. f3 a5 14. Be3 d5 15. Nc5 Bc6 16. exd5 Bxd5 17. Qd3 Bc6 18. Rfd1 Qxd3 19. Bxd3 e4 20. Nxe4 Bxb2 21. Rab1 Be5 22. Nc5 g6 23. Bc4 Kg7 24. Kg1 Rc8 25. Bb3 Be8 26. f4 Bf6 27. Ne4 Be7 28. Bd4+ f6 29. g4 Bc6 30. Ng5 Kh6 31. Ne6 Bf3 32. g5+ fxg5 33. fxg5+ Bxg5 34. Rf1 Be4 35. Nxg5 Kxg5 36. Rbe1 Bf5 37. Kg2 Nc6 38. Be3+ Kf6 39. Bc1 Re8 40. Bb2+ Kg5 41. Kg3 h5 42. h4+ Kh6 43. Rd1 Rad8 44. Kf4 Re4+ 45. Kg3 Rg4+ 46. Kf3 Rxh4 47. Rxd8 Nxd8 48. Bf6 Rh3+ 49. Kg2 Ne6 50. Rxf5 Rxb3 51. Re5 Rb2 52. Rxe6 Rxc2+ 53. Kg3 b3 54. Rb6 Rc4 55. Rxb3 Rxa4 56. Rb8 g5 57. Rb6 Kg6 58. Bc3+ Kf5 59. Rb5+ Kg6 60. Bxa5 Ra3+ 61. Kf2 h4 62. Bd2 Ra2 63. Rxg5+ Kf6 64. Rd5 Ke6 65. Rd3 Kf5 66. Kg2 Ke4 67. Rd8 Ra3 68. Re8+ Kf5 69. Rf8+ Kg4 70. Rf4+ Kh5 71. Rf5+ Kg4 72. Rg5# 1-0


[Site "https://www.chess.com"]

[Event "Titled Tuesday Blitz April 19 Late 2022"]
[White "Arabidze, Meri"]
[Black "Ansh M Shah"]
[WhiteFideId "13604040"]
[BlackFideId "25033379"]
[WhiteElo "2335"]
[BlackElo "1819"]
[Result "1-0"]
[Round "03"]
[TimeControl "180+1"]
[Date "2022.04.19"]
[WhiteClock "0:00:39"]
[BlackClock "0:00:10"]

1. c4 Nf6 2. Nc3 g6 3. e4 d6 4. d4 Bg7 5. g3 O-O 6. Bg2 Nc6 7. Nge2 e5 8. d5 Ne7 9. O-O a5 10. a3 Nh5 11. Rb1 f5 12. b4 f4 13. f3 g5 14. g4 Nf6 15. h3 h5 16. Bd2 Ng6 17. Nc1 Nh4 18. Nd3 Nxg2 19. Kxg2 Kf7 20. Nf2 Rh8 21. Rh1 Bd7 22. Qb3 Qc8 23. bxa5 hxg4 24. hxg4 Rxh1 25. Kxh1 Nxg4 26. fxg4 Bxg4 27. Qxb7 Bf3+ 28. Kg1 Qh8 29. Qxc7+ Kg6 30. Rb7 Rf8 31. Nb5 Bf6 32. Nxd6 Qh4 33. Nf5 Qh5 34. Rb8 Rxb8 35. Qxb8 Bxe4 36. Qe8+ Kxf5 37. Qxh5 1-0


[Site "https://www.chess.com"]

[Event "Titled Tuesday Blitz April 19 Late 2022"]
[White "Avramidou, Anastasia"]
[Black "Sanal, Vahap"]
[WhiteFideId "4239873"]
[BlackFideId "6300545"]
[WhiteElo "2183"]
[BlackElo "2603"]
[Result "0-1"]
[Round "03"]
[TimeControl "180+1"]
[Date "2022.04.19"]
[WhiteClock "0:00:03"]
[BlackClock "0:01:50"]

1. d4 Nf6 2. c4 e6 3. Nc3 Bb4 4. Qc2 O-O 5. Nf3 d5 6. g3 c5 7. Bg2 Nc6 8. a3 Bxc3+ 9. bxc3 dxc4 10. e3 cxd4 11. cxd4 b5 12. O-O Bb7 13. a4 a6 14. Rb1 Na7 15. Ba3 Be4 16. Qc3 Bxb1 17. Rxb1 Re8 18. Ne5 Nd5 19. Qc2 f6 20. Nf3 Qa5 21. e4 Qc3 22. Qa2 b4 23. Bb2 b3 24. Qa1 Qd3 25. exd5 exd5 26. Rd1 Qf5 27. Nh4 Qd7 28. Ba3 Nc6 29. Bc5 Rab8 30. Qb1 c3 31. Rc1 c2 32. Qb2 Na5 33. Bf1 Nc4 34. Bxc4 dxc4 35. Nf3 Qf5 36. Nd2 Qd3 0-1


[Site "https://www.chess.com"]

[Event "Titled Tuesday Blitz April 19 Late 2022"]
[White "Babazada, Khazar"]
[Black "Nakamura, Hikaru"]
[WhiteFideId "13413554"]
[BlackFideId "2016192"]
[WhiteElo "2406"]
[BlackElo "2850"]
[Result "1-0"]
[Round "03"]
[TimeControl "180+1"]
[Date "2022.04.19"]
[WhiteClock "0:00:55"]
[BlackClock "0:00:27"]

1. e4 e5 2. Nf3 Nc6 3. Bb5 a6 4. Ba4 g6 5. O-O Bg7 6. c3 b5 7. Bb3 Nge7 8. d4 d6 9. h3 O-O 10. a4 b4 11. Be3 Rb8 12. Nbd2 Na5 13. Bc2 exd4 14. cxd4 c5 15. Qe2 cxd4 16. Bxd4 Nec6 17. Bxg7 Kxg7 18. Rad1 Be6 19. Qxa6 Qf6 20. e5 dxe5 21. Ne4 Qf4 22. Nd6 Bxh3 23. gxh3 Qxf3 24. Be4 Qxh3 25. Bxc6 Nb3 26. Bg2 Qe6 27. Qc4 Qxc4 28. Nxc4 Rbc8 29. Nxe5 Rc2 30. Nd3 Rb8 31. Rfe1 Nd4 32. a5 Rc7 33. a6 Rb6 34. Nf4 Nc2 35. Nd5 1-0


[Site "https://www.chess.com"]

[Event "Titled Tuesday Blitz April 19 Late 2022"]
[White "Bacrot, Etienne"]
[Black "Krishnakumar, Sriram"]
[WhiteFideId "605506"]
[BlackFideId "30915856"]
[WhiteElo "2673"]
[BlackElo "2430"]
[Result "1/2-1/2"]
[Round "03"]
[TimeControl "180+1"]
[Date "2022.04.19"]
[WhiteClock "0:00:33"]
[BlackClock "0:00:28"]

1. e4 e5 2. Nf3 Nc6 3. Bb5 a6 4. Ba4 Nf6 5. d3 b5 6. Bb3 Bc5 7. Nc3 d6 8. Nd5 h6 9. Nxf6+ Qxf6 10. Bd5 Bd7 11. Rg1 Rd8 12. c3 Ne7 13. Bb3 Ng6 14. Be3 Nf4 15. d4 Bb6 16. a4 exd4 17. Bxd4 Bxd4 18. Qxd4 Qxd4 19. Nxd4 Nd3+ 20. Ke2 Nxb2 21. axb5 axb5 22. Rgb1 Nc4 23. Bxc4 bxc4 24. Ra7 c5 25. Nc2 O-O 26. f3 d5 27. Rbb7 Be6 28. Rc7 dxe4 29. fxe4 Rd3 30. Ne3 Rxc3 31. Rxc5 Rb8 32. Ra2 Rbb3 33. Nd5 Bxd5 34. exd5 Re3+ 35. Kf2 Red3 36. Rc2 Rb6 37. Rc6 Rb8 38. Rd6 Rb5 39. Rxc4 Rbxd5 40. Rxd5 Rxd5 41. Rc7 Rf5+ 42. Ke3 g6 43. g3 h5 44. Rc6 Kg7 45. Ke2 Rf6 46. Rc5 Ra6 47. Kf3 Ra3+ 48. Kf4 Ra4+ 49. Kf3 Ra3+ 50. Kf4 Ra4+ 51. Kf3 Ra3+ 1/2-1/2


[Site "https://www.chess.com"]

[Event "Titled Tuesday Blitz April 19 Late 2022"]
[White "Balint, Vilmos"]
[Black "Aroesti, Roee"]
[WhiteFideId "718050"]
[BlackFideId "2817144"]
[WhiteElo "2059"]
[BlackElo "2068"]
[Result "0-1"]
[Round "03"]
[TimeControl "180+1"]
[Date "2022.04.19"]
[WhiteClock "0:02:16"]
[BlackClock "0:02:18"]

1. d4 Nf6 2. Nc3 e6 3. e4 d5 4. Bg5 dxe4 5. Nxe4 Be7 6. Ng3 h6 7. Be3 O-O 8. Nf3 b6 9. Be2 Bb7 10. a4 a6 11. O-O Nbd7 12. a5 b5 13. b3 c5 14. c4 bxc4 15. bxc4 cxd4 16. Bxd4 Nc5 17. Rb1 Bc6 18. Ne5 Ba4 19. Qe1 Qxd4 20. Bf3 Rab8 21. Qe2 Bd6 22. Rbd1 Bxd1 23. Rxd1 Qxe5 0-1


[Site "https://www.chess.com"]

[Event "Titled Tuesday Blitz April 19 Late 2022"]
[White "Barria Zuniga, Daniel"]
[Black "Lopez Del Alamo, Antonio"]
[WhiteFideId "3400816"]
[BlackFideId "2227339"]
[WhiteElo "2414"]
[BlackElo "2082"]
[Result "1-0"]
[Round "03"]
[TimeControl "180+1"]
[Date "2022.04.19"]
[WhiteClock "0:00:21"]
[BlackClock "0:00:13"]

1. c4 Nf6 2. Nc3 g6 3. d4 Bg7 4. e4 d6 5. Be2 O-O 6. Nf3 e5 7. d5 a5 8. Bg5 h6 9. Bh4 Na6 10. Nd2 Qe8 11. O-O Bd7 12. b3 Nh7 13. a3 h5 14. f3 Bh6 15. Rb1 Be3+ 16. Kh1 Bc5 17. Qc1 f5 18. exf5 gxf5 19. f4 e4 20. Re1 Nf6 21. h3 Qg6 22. Nf1 Rf7 23. Ne3 Rg7 24. g3 Nh7 25. Kh2 Nf8 26. Ncd1 Re8 27. Nc2 Qh7 28. Qd2 Ng6 29. Bg5 h4 30. b4 axb4 31. axb4 Ba7 32. Nde3 hxg3+ 33. Kxg3 Nxf4 34. Kxf4 Rxg5 35. Kxg5 Qg7+ 36. Kh4 Qf6+ 37. Kg3 f4+ 38. Kh2 fxe3 39. Rg1+ Kf8 40. Qe1 Qf2+ 41. Rg2 Qxe1 42. Rxe1 Re7 43. Bh5 Rh7 44. Bg4 Ba4 45. Nxe3 Nxb4 46. Be6 Nd3 47. Nf5 Rh8 48. Rxe4 Ne5 49. Ra2 Bc2 50. Rxa7 Bxe4 51. Ra8# 1-0


[Site "https://www.chess.com"]

[Event "Titled Tuesday Blitz April 19 Late 2022"]
[White "Beerdsen, Thomas"]
[Black "Al-Tarboush, Ward"]
[WhiteFideId "1030108"]
[BlackFideId "7601450"]
[WhiteElo "2585"]
[BlackElo "2276"]
[Result "1-0"]
[Round "03"]
[TimeControl "180+1"]
[Date "2022.04.19"]
[WhiteClock "0:01:12"]
[BlackClock "0:00:03"]

1. e4 e6 2. d4 d5 3. Nc3 Nf6 4. Bg5 dxe4 5. Nxe4 Be7 6. Bxf6 gxf6 7. Nf3 f5 8. Nc3 a6 9. g3 b5 10. Bg2 Bb7 11. O-O O-O 12. Qe2 b4 13. Na4 Nd7 14. Rad1 a5 15. c4 Nf6 16. d5 exd5 17. Nh4 Qd7 18. cxd5 Ba6 19. Qc2 Bxf1 20. Rxf1 Ne4 21. Nxf5 Qxf5 22. Bxe4 Qf6 23. Bxh7+ Kg7 24. Be4 Bd6 25. Bg2 Rae8 26. b3 Re7 27. Nc5 Rfe8 28. Ne4 Qg6 29. Qb2+ Be5 30. Qc1 Bd4 31. Ng5 Qf6 32. Nh3 Bc3 33. Nf4 Qh6 34. Qd1 Re1 35. Qg4+ Kh8 36. h4 Rxf1+ 37. Bxf1 Re1 38. Kg2 Qh7 39. Bd3 Qg7 40. Qc8+ Qg8 41. Qxc7 Be5 42. Qe7 Qg7 43. d6 Rd1 44. d7 1-0


[Site "https://www.chess.com"]

[Event "Titled Tuesday Blitz April 19 Late 2022"]
[White "Bilych, Olexiy"]
[Black "Jacobson, Brandon"]
[WhiteFideId "14156504"]
[BlackFideId "30901561"]
[WhiteElo "2176"]
[BlackElo "2362"]
[Result "0-1"]
[Round "03"]
[TimeControl "180+1"]
[Date "2022.04.19"]
[WhiteClock "0:00:06"]
[BlackClock "0:00:21"]

1. e4 c5 2. Nf3 d6 3. d4 cxd4 4. Nxd4 Nf6 5. Nc3 Nc6 6. Bg5 e6 7. Qd3 Bd7 8. Ndb5 Nb4 9. Qd1 Qb8 10. Bf4 e5 11. Bg5 a6 12. Bxf6 gxf6 13. Na3 b5 14. Nab1 Bg7 15. a4 O-O 16. Na3 Qb7 17. Qxd6 bxa4 18. Bc4 Bc6 19. O-O Rfd8 20. Qc5 Rd4 21. Qa5 Nxc2 22. Nxc2 Rxc4 23. Ne3 Rb4 24. Ned5 Rxb2 25. Qc5 Kh8 26. Rfb1 Rb8 27. h4 Bxd5 28. Rxb2 Qxb2 29. Rb1 Qxb1+ 30. Nxb1 Rxb1+ 31. Kh2 Be6 32. Qe7 h6 33. Qe8+ Kh7 34. Qxa4 Rb6 35. Qa5 Rd6 36. h5 f5 37. exf5 Bxf5 38. Qc5 Re6 39. Qa7 Kg8 40. f3 e4 41. g4 Bh7 42. fxe4 Bxe4 43. Qb8+ Kh7 44. Kh3 Bc6 45. Qc7 Re3+ 46. Kh4 Bf6+ 47. g5 Bxg5+ 48. Kg4 Bf3+ 49. Kf5 Be4+ 50. Kg4 Bd5 51. Qc2+ Kg7 52. Qb2+ Bf6 53. Qd2 Be6+ 54. Kf4 Bg5# 0-1


[Site "https://www.chess.com"]

[Event "Titled Tuesday Blitz April 19 Late 2022"]
[White "Bodi, Tibor"]
[Black "Zhao, Jun"]
[WhiteFideId "701084"]
[BlackFideId "8602522"]
[WhiteElo "2243"]
[BlackElo "2547"]
[Result "0-1"]
[Round "03"]
[TimeControl "180+1"]
[Date "2022.04.19"]
[WhiteClock "0:00:11"]
[BlackClock "0:01:06"]

1. Nf3 Nf6 2. c4 e6 3. d4 d5 4. cxd5 exd5 5. Nc3 c6 6. Bf4 Bf5 7. e3 Nbd7 8. Bd3 Bxd3 9. Qxd3 Be7 10. O-O O-O 11. a3 a5 12. h3 Re8 13. Na4 Ne4 14. Rac1 Bd6 15. Bxd6 Nxd6 16. Nd2 Re6 17. Nc5 Rg6 18. Nf3 Nxc5 19. Rxc5 Ne4 20. Rcc1 a4 21. Nd2 Qg5 22. g4 f5 23. f3 Qh4 24. Nxe4 fxe4 25. Qe2 Qxh3 26. Qg2 Qh4 27. Qh2 Qxh2+ 28. Kxh2 exf3 29. Kh3 Rf8 30. Rf2 Rgf6 31. b3 axb3 32. Rb1 g5 33. Rxb3 R8f7 34. Rb1 Kg7 35. Kg3 Kg6 36. Re1 h5 37. e4 h4+ 38. Kh3 Rf4 39. exd5 cxd5 40. Re6+ R7f6 41. Re7 b6 42. Rc2 f2 0-1


[Site "https://www.chess.com"]

[Event "Titled Tuesday Blitz April 19 Late 2022"]
[White "Bongo Akanga Ndjila, Barthelemy"]
[Black "Melikhov, Evgeny V."]
[WhiteFideId "10609431"]
[BlackFideId "4122046"]
[WhiteElo "1768"]
[BlackElo "1931"]
[Result "1-0"]
[Round "03"]
[TimeControl "180+1"]
[Date "2022.04.19"]
[WhiteClock "0:00:18"]
[BlackClock "0:00:23"]

1. d4 Nf6 2. c4 e6 3. Nc3 Bb4 4. a3 Bxc3+ 5. bxc3 d5 6. cxd5 Nxd5 7. Qd2 c5 8. f3 cxd4 9. cxd4 Nc6 10. e4 Nde7 11. Bb2 Qa5 12. Bc3 Qa4 13. Ne2 O-O 14. Ng3 b6 15. Be2 Ba6 16. O-O Bxe2 17. Nxe2 Rfd8 18. f4 f5 19. g4 fxe4 20. f5 Ne5 21. Qg5 Nf3+ 22. Rxf3 exf3 23. d5 g6 24. Qf6 Qxg4+ 25. Ng3 gxf5 26. dxe6 f2+ 27. Kxf2 Qf4+ 28. Kg1 Qe3+ 29. Kg2 Rd2+ 30. Kh3 Rxh2+ 31. Kxh2 Qf2+ 32. Kh3 1-0


[Site "https://www.chess.com"]

[Event "Titled Tuesday Blitz April 19 Late 2022"]
[White "Bortnyk, Olexandr"]
[Black "Bazeev, German"]
[WhiteFideId "14120828"]
[BlackFideId "24119350"]
[WhiteElo "2723"]
[BlackElo "2493"]
[Result "0-1"]
[Round "03"]
[TimeControl "180+1"]
[Date "2022.04.19"]
[WhiteClock "0:00:03"]
[BlackClock "0:00:14"]

1. d4 Nf6 2. Nc3 d5 3. Bf4 c6 4. e3 g6 5. h4 h5 6. Nf3 Bg4 7. Be2 Bxf3 8. Bxf3 Nbd7 9. Qe2 e6 10. a3 b5 11. e4 Be7 12. exd5 exd5 13. O-O-O Kf8 14. Qe3 a5 15. Rhe1 b4 16. Bh6+ Rxh6 17. Qxh6+ Kg8 18. axb4 axb4 19. Nb1 Bf8 20. Qe3 Kh7 21. Be2 Bh6 22. f4 Ne4 23. g3 Ra1 24. Bd3 Ndf6 25. Bxe4 Nxe4 26. Qb3 Qc7 27. Rd3 Bf8 28. Re2 Kg7 29. Rde3 f5 30. Rd3 Bd6 31. c4 c5 32. cxd5 c4 33. Rc2 cxb3 34. Rxc7+ Bxc7 35. Rxb3 Nxg3 36. Kc2 Bxf4 37. Rxb4 Ne4 38. Rb7+ Kf6 39. Nc3 Nxc3 40. bxc3 g5 41. Rb6+ Kg7 42. hxg5 h4 43. Rh6 Bxg5 44. Rh5 Kg6 45. Rh8 Bh6 46. d6 Ra7 47. Rg8+ Bg7 48. Re8 Rd7 49. Re6+ Bf6 50. c4 h3 51. Re3 Bxd4 52. Rxh3 Rxd6 53. Rg3+ Kf6 54. Rg8 Ke5 55. Re8+ Re6 56. Rf8 f4 57. Kd3 Bc5 58. Rh8 f3 59. Rh5+ Kd6 60. Rd5+ Kc6 61. Rf5 f2 62. Kd2 Re1 63. Rf6+ Kd7 64. Rxf2 Bxf2 0-1


[Site "https://www.chess.com"]

[Event "Titled Tuesday Blitz April 19 Late 2022"]
[White "Boskovic, Drasko"]
[Black "Sochacki, Christophe"]
[WhiteFideId "927368"]
[BlackFideId "662569"]
[WhiteElo "2388"]
[BlackElo "2480"]
[Result "0-1"]
[Round "03"]
[TimeControl "180+1"]
[Date "2022.04.19"]
[WhiteClock "0:00:18"]
[BlackClock "0:00:12"]

1. e4 g6 2. d4 Nf6 3. Nc3 d5 4. e5 Ne4 5. Nxe4 dxe4 6. Be3 c5 7. c3 cxd4 8. cxd4 Nc6 9. Ne2 Bg4 10. h3 Qa5+ 11. Qd2 Nb4 12. hxg4 Nc2+ 13. Kd1 Qxd2+ 14. Kxd2 Nxa1 15. Nc3 O-O-O 16. Bc4 Bg7 17. Bxf7 Bxe5 18. Be6+ Kb8 19. Rxa1 Bxd4 20. Bxd4 Rxd4+ 21. Ke3 Rd3+ 22. Ke2 Rd4 23. Rd1 Rhd8 24. Rxd4 Rxd4 25. Bd5 e3 26. Kxe3 Rxg4 27. f4 Rh4 28. Ne4 Rh1 29. Ng5 Kc7 30. Bg8 h6 31. Ne6+ Kd6 32. Nd4 Rb1 33. b3 Rb2 34. a4 a6 35. g3 e5 36. fxe5+ Kxe5 37. Nf3+ Kf5 38. Bd5 g5 39. Nd4+ Kg4 40. Ne2 b5 41. axb5 axb5 42. Be6+ Kh5 43. Nd4 b4 44. Bf5 g4 45. Be6 Kg5 46. Nc6 Rg2 47. Nxb4 h5 48. Kd4 Rxg3 49. Nd3 h4 50. b4 h3 51. b5 h2 52. Bd5 Rg1 53. Nf2 g3 0-1


[Site "https://www.chess.com"]

[Event "Titled Tuesday Blitz April 19 Late 2022"]
[White "Buchenau, Frank"]
[Black "Kohler, Aran"]
[WhiteFideId "4604350"]
[BlackFideId "1002856"]
[WhiteElo "2193"]
[BlackElo "2308"]
[Result "1-0"]
[Round "03"]
[TimeControl "180+1"]
[Date "2022.04.19"]
[WhiteClock "0:00:10"]
[BlackClock "0:00:13"]

1. e4 c6 2. Nf3 d5 3. Nc3 Bg4 4. d4 dxe4 5. Nxe4 e6 6. c3 Nd7 7. Ng3 Ngf6 8. h3 Bxf3 9. Qxf3 Bd6 10. Bd3 h6 11. O-O Qc7 12. Re1 Bxg3 13. fxg3 O-O 14. Bf4 Qa5 15. g4 Rfe8 16. a4 e5 17. b4 Qc7 18. Bg3 Re7 19. Re3 Rae8 20. Rae1 Nd5 21. Bxe5 Nxe5 22. Rxe5 Rxe5 23. dxe5 Rxe5 24. Rxe5 Qxe5 25. Qf5 Qxf5 26. Bxf5 Nxc3 27. a5 b6 28. axb6 axb6 29. Kf2 Kf8 30. Bd7 c5 31. bxc5 bxc5 32. Ke3 Ke7 33. Bc8 Nd5+ 34. Ke4 Nb6 35. Ba6 g6 36. Bd3 Kd6 37. Bc2 Nd7 38. Bb3 Ne5 39. Ba2 f6 40. Bg8 Ke7 41. Kd5 c4 42. Kd4 f5 43. gxf5 Nc6+ 44. Kxc4 gxf5 45. Kd5 Nb4+ 46. Ke5 Kf8 47. Bc4 Kg7 48. Kxf5 Nc6 49. g4 Nd4+ 50. Ke5 Nf3+ 51. Kf4 Nh4 52. Bd3 Kf6 53. Be4 Ke6 54. Kg3 Ke5 55. Kxh4 Kxe4 56. Kh5 Kf4 57. Kxh6 Kg3 58. g5 Kxh3 59. g6 Kh2 60. g7 Kh1 61. g8=Q 1-0


[Site "https://www.chess.com"]

[Event "Titled Tuesday Blitz April 19 Late 2022"]
[White "Chigaev, Maksim"]
[Black "Martic, Ivan"]
[WhiteFideId "4108116"]
[BlackFideId "929301"]
[WhiteElo "2478"]
[BlackElo "2317"]
[Result "1-0"]
[Round "03"]
[TimeControl "180+1"]
[Date "2022.04.19"]
[WhiteClock "0:00:25"]
[BlackClock "0:00:05"]

1. e4 c5 2. Nf3 e6 3. d4 cxd4 4. Nxd4 a6 5. Nc3 Qc7 6. Bd3 Nf6 7. O-O d6 8. f4 Nbd7 9. a4 b6 10. Kh1 Bb7 11. Qe2 Be7 12. f5 e5 13. Nb3 O-O 14. Bg5 Rfe8 15. Nd2 Nc5 16. Bxf6 Bxf6 17. Bc4 Rac8 18. Nd5 Bxd5 19. Bxd5 a5 20. c3 Kh8 21. Qb5 Bg5 22. Nf3 Bh6 23. g3 f6 24. Kg2 Rb8 25. Rfd1 Rec8 26. Ne1 Qa7 27. Nc2 Na6 28. Na3 Nc7 29. Qe2 g6 30. Qf3 Kg7 31. Rd3 b5 32. axb5 Nxb5 33. Nc4 a4 34. Rf1 Rf8 35. Rf2 Qc5 36. Be6 a3 37. bxa3 Nxa3 38. Nxd6 Rb1 39. fxg6 hxg6 40. Nf5+ gxf5 41. Rd7+ Kh8 42. Qxf5 Qxf2+ 43. Kxf2 Rb2+ 44. Kf3 Bg7 45. Qh5+ 1-0


[Site "https://www.chess.com"]

[Event "Titled Tuesday Blitz April 19 Late 2022"]
[White "D`Arruda, Ricardo D."]
[Black "Janaszak, Dawid"]
[WhiteFideId "100692"]
[BlackFideId "1119206"]
[WhiteElo "2400"]
[BlackElo "2199"]
[Result "1-0"]
[Round "03"]
[TimeControl "180+1"]
[Date "2022.04.19"]
[WhiteClock "0:00:09"]
[BlackClock "0:00:07"]

1. Nf3 c5 2. g3 g6 3. Bg2 Bg7 4. O-O Nf6 5. d3 O-O 6. Nc3 Nc6 7. e4 d6 8. Nh4 Rb8 9. f4 Bd7 10. f5 b5 11. Bf4 b4 12. Ne2 a5 13. Qd2 Ne5 14. Bh6 a4 15. Bxg7 Kxg7 16. h3 Bb5 17. b3 d5 18. Qf4 Qd6 19. fxg6 fxg6 20. Qg5 Kh8 21. exd5 Nxd5 22. Qh6 Kg8 23. Be4 Nf6 24. Bg2 Bc6 25. Bxc6 Qxc6 26. Nf4 Nf7 27. Nhxg6 hxg6 28. Qxg6+ Kh8 29. Nh5 Rg8 30. Qxf7 Nxh5 31. Qxh5+ Kg7 32. Rf4 Rbf8 33. Raf1 Rf6 34. Rg4+ Kf8 35. Qh6+ Kf7 36. Qh7+ Ke6 37. Qxg8+ Kd7 38. Rxf6 Qxf6 39. Rf4 Qa1+ 40. Kg2 Qd1 41. Qd5+ Kc7 42. Qxc5+ Kd7 43. Rd4+ Ke6 44. Qd5+ 1-0


[Site "https://www.chess.com"]

[Event "Titled Tuesday Blitz April 19 Late 2022"]
[White "Dobrov, Vladimir"]
[Black "Rosen, Eric"]
[WhiteFideId "4136594"]
[BlackFideId "2032562"]
[WhiteElo "2575"]
[BlackElo "2362"]
[Result "1-0"]
[Round "03"]
[TimeControl "180+1"]
[Date "2022.04.19"]
[WhiteClock "0:00:48"]
[BlackClock "0:00:14"]

1. c4 e6 2. Nc3 d5 3. d4 Nf6 4. cxd5 exd5 5. Bg5 c6 6. e3 Bd6 7. Bd3 h6 8. Bh4 O-O 9. Qc2 Re8 10. Nf3 Be6 11. Bg3 Bxg3 12. hxg3 Nbd7 13. b4 a5 14. b5 c5 15. dxc5 Nxc5 16. Nd4 Rc8 17. Rc1 Ng4 18. O-O Qg5 19. Bf5 Ne4 20. Nxe4 dxe4 21. Qxe4 Nf6 22. Rxc8 Bxc8 23. Qc2 Bxf5 24. Qxf5 Qxf5 25. Nxf5 Rc8 26. Ne7+ Kf8 27. Nxc8 Ne4 28. Rc1 1-0


[Site "https://www.chess.com"]

[Event "Titled Tuesday Blitz April 19 Late 2022"]
[White "Wagner, Dinara"]
[Black "Wagner, Dennis"]
[WhiteFideId "24157570"]
[BlackFideId "24650684"]
[WhiteElo "2216"]
[BlackElo "2355"]
[Result "1-0"]
[Round "03"]
[TimeControl "180+1"]
[Date "2022.04.19"]
[WhiteClock "0:00:05"]
[BlackClock "0:00:06"]

1. Nf3 d5 2. g3 Nd7 3. d4 e6 4. Bg2 b5 5. b3 Bb7 6. O-O c5 7. c4 bxc4 8. bxc4 dxc4 9. Na3 c3 10. Qb3 Bd5 11. Qxc3 Ngf6 12. Bf4 cxd4 13. Nxd4 Rc8 14. Qb2 Bxg2 15. Kxg2 Qa5 16. Nab5 e5 17. Bd2 Qb6 18. Nf5 Rb8 19. Rab1 g6 20. Nbd6+ Bxd6 21. Qxb6 Rxb6 22. Rxb6 axb6 23. Nxd6+ Ke7 24. Bb4 Ke6 25. Rc1 Nd5 26. Ba3 Ra8 27. Nb5 Nc5 28. Bxc5 bxc5 29. e4 Nf6 30. Nc7+ Ke7 31. Nxa8 Nxe4 32. Re1 f5 33. f3 Nc3 34. Rxe5+ Kd6 35. Re3 Nxa2 36. Nb6 Nb4 37. Re1 Kc6 38. Nc4 Nd5 39. Ne3 Nb6 40. Nc2 c4 41. Re6+ Kc5 42. Kf2 Nd5 43. Ke2 c3 44. Kd3 h5 45. Rxg6 1-0


[Site "https://www.chess.com"]

[Event "Titled Tuesday Blitz April 19 Late 2022"]
[White "Esipenko, Andrey"]
[Black "Korchmar, Vasiliy"]
[WhiteFideId "24175439"]
[BlackFideId "24131750"]
[WhiteElo "2617"]
[BlackElo "2370"]
[Result "1-0"]
[Round "03"]
[TimeControl "180+1"]
[Date "2022.04.19"]
[WhiteClock "0:00:11"]
[BlackClock "0:00:04"]

1. e4 c5 2. Nf3 d6 3. d4 cxd4 4. Nxd4 Nf6 5. Nc3 Nc6 6. Bg5 e6 7. Qd2 a6 8. O-O-O h6 9. Nxc6 bxc6 10. Bf4 d5 11. Qe3 Bb4 12. Be2 O-O 13. e5 Nd7 14. h4 f6 15. exf6 Qxf6 16. Bg3 e5 17. Ne4 Qf7 18. a3 Be7 19. Qc3 Qe6 20. Rhe1 Kh8 21. Nd2 e4 22. f3 Bf6 23. Qa5 e3 24. Nb3 Ne5 25. Qc5 Bd7 26. Qxe3 Rfe8 27. Qc5 Qf7 28. Nd4 Rab8 29. Bf2 Nc4 30. Bxc4 dxc4 31. Bg3 Rb7 32. Rxe8+ Qxe8 33. Re1 Qf7 34. h5 Bg5+ 35. Kb1 Bf6 36. Be5 Be7 37. Bxg7+ 1-0


[Site "https://www.chess.com"]

[Event "Titled Tuesday Blitz April 19 Late 2022"]
[White "Espinosa, Pedro"]
[Black "Jimenez Fernandez, Rebeca"]
[WhiteFideId "30921066"]
[BlackFideId "32070934"]
[WhiteElo "1696"]
[BlackElo "1853"]
[Result "1-0"]
[Round "03"]
[TimeControl "180+1"]
[Date "2022.04.19"]
[WhiteClock "0:02:06"]
[BlackClock "0:00:01"]

1. d4 d5 2. c4 c6 3. cxd5 cxd5 4. Nc3 Nf6 5. Bf4 e6 6. e3 Bd6 7. Bxd6 Qxd6 8. Nf3 O-O 9. Bd3 Nc6 10. a3 a6 11. O-O b5 12. Rc1 Bb7 13. b4 e5 14. dxe5 Nxe5 15. Nxe5 Qxe5 16. Ne2 Ng4 17. Nf4 Nf6 18. Be2 Rad8 19. Bf3 Ne4 20. Nd3 Qf6 21. Nc5 Nxc5 22. Rxc5 Rd7 23. Qd3 Rfd8 24. Rd1 d4 25. Bxb7 Rxb7 26. exd4 Rbd7 27. d5 Qe5 28. h3 h6 29. Qd4 1-0


[Site "https://www.chess.com"]

[Event "Titled Tuesday Blitz April 19 Late 2022"]
[White "Ezat, Mohamed"]
[Black "Rasulov, Vugar"]
[WhiteFideId "10600906"]
[BlackFideId "13402390"]
[WhiteElo "2386"]
[BlackElo "2560"]
[Result "0-1"]
[Round "03"]
[TimeControl "180+1"]
[Date "2022.04.19"]
[WhiteClock "0:00:12"]
[BlackClock "0:00:33"]

1. d4 d5 2. c4 c6 3. Nc3 Nf6 4. cxd5 cxd5 5. Bf4 Nc6 6. e3 Bf5 7. Bd3 Bg6 8. Nf3 e6 9. O-O Bb4 10. Rc1 O-O 11. Ne5 Rc8 12. Bg5 Be7 13. Na4 Nb4 14. Bxg6 hxg6 15. a3 Na6 16. b4 Nb8 17. Nc5 b6 18. Ncd3 Rc7 19. Qa4 Ne4 20. Bxe7 Qxe7 21. Rxc7 Qxc7 22. Rc1 Qe7 23. f3 Nd6 24. Nc6 Nxc6 25. Rxc6 Nc4 26. e4 Qf6 27. e5 Qf5 28. Qd1 Nxa3 29. Rc7 Nb5 30. Rb7 Rc8 31. Nf2 Qf4 32. g3 Qxd4 33. Qxd4 Nxd4 34. f4 Nb5 35. h4 Kf8 36. Nh3 d4 37. Ng5 Rc7 38. Rb8+ Ke7 39. Ne4 d3 40. Kf2 Nc3 41. Nd6 d2 0-1


[Site "https://www.chess.com"]

[Event "Titled Tuesday Blitz April 19 Late 2022"]
[White "Fedoseev, Vladimir"]
[Black "Suleymanli, Aydin"]
[WhiteFideId "24130737"]
[BlackFideId "13413937"]
[WhiteElo "2726"]
[BlackElo "2481"]
[Result "1-0"]
[Round "03"]
[TimeControl "180+1"]
[Date "2022.04.19"]
[WhiteClock "0:01:27"]
[BlackClock "0:01:14"]

1. d4 Nf6 2. Bf4 Nh5 3. Bg5 h6 4. Bh4 g5 5. e3 gxh4 6. Qxh5 Bg7 7. Nf3 Bf6 8. Ne5 Bxe5 9. Qxe5 Rg8 10. Qh5 e6 11. Qxh6 c5 12. dxc5 Qa5+ 13. Nc3 Qxc5 14. O-O-O d5 15. Qxh4 Bd7 16. g3 Nc6 17. Bb5 a6 18. Bxc6 bxc6 19. Qd4 Qa5 20. Ne4 Rf8 21. Qc5 1-0


[Site "https://www.chess.com"]